| TOP OF THE 1ST |
|
Lakewood BlueClaws batting - Pitching for Wisconsin Timber Rattlers : RHP Junzo Yanagisawa
|
|
Pitching: RHP Junzo Yanagisawa
|
|
|
Batting: LHB Matt Urbanek
|
0-0: Ball 1-0: Ground out 5-3 (Groundball, 5S, EV 63.1 MPH)
|
|
Batting: RHB Vaclav Been
|
0-0: Ball 1-0: Ball 2-0: Foul Ball, location: 2F 2-1: Foul Ball, location: 2F 2-2: Foul Ball, location: 2F 2-2: Strikes out swinging
|
|
Batting: RHB Mike Bell
|
0-0: Ball 1-0: Called Strike 1-1: Ball 2-1: Foul Ball, location: 2F 2-2: Ball 3-2: Foul Ball, location: 2F 3-2: Strikes out swinging
|
| Top of the 1st over - 0 runs, 0 hits, 0 errors, 0 left on base; Lakewood 0 - Wisconsin 0 |
| BOTTOM OF THE 1ST |
|
Wisconsin Timber Rattlers batting - Pitching for Lakewood BlueClaws : RHP Jeff van Schaik
|
|
Pitching: RHP Jeff van Schaik
|
|
|
Batting: SHB Aaron Neill
|
0-0: Ball 1-0: SOLO HOME RUN (Flyball, 9LD, EV 93.1 MPH), Distance : 333 ft
|
|
Batting: LHB Jason Raker
|
0-0: Foul Ball, location: 2F 0-1: Ball 1-1: Ball 2-1: Swinging Strike 2-2: Ball 3-2: Foul Ball, location: 2F 3-2: Base on Balls
|
|
Batting: SHB Justin Hensley
|
0-0: Called Strike 0-1: Ball 1-1: Fly out, F7 (Line Drive, 78S, EV 108.8 MPH)
|
|
Batting: SHB Ramon Perez
|
0-0: Called Strike 0-1: Foul Ball, location: 2F 0-2: Ball 1-2: Ball Balk! Jason Raker to second 2-2: Strikes out swinging
|
|
Batting: RHB Ryan Miller
|
0-0: Called Strike 0-1: Ground out 4-3 (Groundball, 4M, EV 83.8 MPH)
|
| Bottom of the 1st over - 1 run, 1 hit, 0 errors, 1 left on base; Lakewood 0 - Wisconsin 1 |
| TOP OF THE 2ND |
|
Lakewood BlueClaws batting - Pitching for Wisconsin Timber Rattlers : RHP Junzo Yanagisawa
|
|
Batting: RHB Victor Arias
|
0-0: Foul Ball, location: 2F 0-1: Ball 1-1: Called Strike 1-2: Ball 2-2: Strikes out swinging
|
|
Batting: LHB Eric Farren
|
0-0: Ball 1-0: Ball 2-0: DOUBLE (Line Drive, 9LS, EV 90.0 MPH)
|
|
Batting: RHB Trent Hedrick
|
0-0: Foul Ball, location: 2F 0-1: Swinging Strike 0-2: Ball 1-2: Ball 2-2: Strikes out swinging
|
|
Batting: SHB Steve DeRienzo
|
0-0: Ball 1-0: Ball 2-0: Called Strike 2-1: Ball 3-1: Swinging Strike 3-2: Strikes out swinging
|
| Top of the 2nd over - 0 runs, 1 hit, 0 errors, 1 left on base; Lakewood 0 - Wisconsin 1 |
| BOTTOM OF THE 2ND |
|
Wisconsin Timber Rattlers batting - Pitching for Lakewood BlueClaws : RHP Jeff van Schaik
|
|
Batting: LHB Mark Backstrom
|
0-0: Ball 1-0: Ball 2-0: Ground out 4-3 (Groundball, 4, EV 101.9 MPH)
|
|
Batting: RHB Chris Maul
|
0-0: Foul Ball, location: 2F 0-1: Ball 1-1: Called Strike 1-2: Ball 2-2: Fly out, F3 (Line Drive, 34, EV 67.5 MPH)
|
|
Batting: SHB Robert Sayer
|
0-0: Ball 1-0: Ball 2-0: Fly out, F6 (Line Drive, 6, EV 70.0 MPH)
|
| Bottom of the 2nd over - 0 runs, 0 hits, 0 errors, 0 left on base; Lakewood 0 - Wisconsin 1 |
| TOP OF THE 3RD |
|
Lakewood BlueClaws batting - Pitching for Wisconsin Timber Rattlers : RHP Junzo Yanagisawa
|
|
Batting: RHB Johnny Burroughs
|
0-0: Foul Ball, location: 2F 0-1: Called Strike 0-2: Ball 1-2: Ball 2-2: Strikes out swinging
|
|
Batting: LHB Joel Moore
|
0-0: SINGLE (Line Drive, 8LS, EV 96.2 MPH)
|
|
Batting: LHB Matt Urbanek
|
0-0: Called Strike 0-1: Ball 1-1: Ball 2-1: Ball 3-1: Foul Ball, location: 2F 3-2: Foul Ball, location: 2F 3-2: Foul Ball, location: 2F 3-2: SINGLE (Line Drive, 78S, EV 99.4 MPH) Joel Moore to second Joel Moore to third
|
|
Batting: RHB Vaclav Been
|
0-0: Called Strike 0-1: Called Strike 0-2: Ball 1-2: Ball 2-2: Ball 3-2: Strikes out looking
|
|
Batting: RHB Mike Bell
|
0-0: Foul Ball, location: 2F 0-1: Ball Matt Urbanek steals 2nd base 1-1: Foul Ball, location: 2F 1-2: SINGLE (Line Drive, 34, EV 102.5 MPH) Joel Moore scores Matt Urbanek to third Runner from 3rd tries for Home, SAFE, throw by RF to home
|
|
Batting: RHB Victor Arias
|
0-0: Called Strike Mike Bell steals 2nd base 0-1: Called Strike 0-2: Ball 1-2: Fly out, F7 (Flyball, 78S, EV 83.1 MPH)
|
| Top of the 3rd over - 2 runs, 3 hits, 0 errors, 1 left on base; Lakewood 2 - Wisconsin 1 |
| BOTTOM OF THE 3RD |
|
Wisconsin Timber Rattlers batting - Pitching for Lakewood BlueClaws : RHP Jeff van Schaik
|
|
Batting: RHB Chris Fruit
|
0-0: Ball 1-0: Ball 2-0: Ball 3-0: Called Strike 3-1: Foul Ball, location: 2F 3-2: Foul Ball, location: 2F 3-2: DOUBLE (Flyball, 8RXD, EV 89.4 MPH)
|
|
Batting: SHB Aaron Neill
|
0-0: Called Strike 0-1: Fly out, F6 (Line Drive, 6, EV 66.9 MPH) Lined into DP, 6-4 (Line Drive, 6, EV 66.9 MPH)
|
|
Batting: LHB Jason Raker
|
0-0: Swinging Strike 0-1: Foul Ball, location: 2F 0-2: Ball 1-2: Ball 2-2: SINGLE (Line Drive, 7S, EV 102.5 MPH)
|
|
Batting: SHB Justin Hensley
|
0-0: Called Strike Jason Raker steals 2nd, throwing error, E2 Jason Raker to third 0-1: Ball 1-1: Ball 2-1: Swinging Strike 2-2: Foul Ball, location: 2F 2-2: Ground out 5-3 (Groundball, 56, EV 94.4 MPH)
|
| Bottom of the 3rd over - 0 runs, 2 hits, 1 error, 1 left on base; Lakewood 2 - Wisconsin 1 |
| TOP OF THE 4TH |
|
Lakewood BlueClaws batting - Pitching for Wisconsin Timber Rattlers : RHP Junzo Yanagisawa
|
|
Batting: LHB Eric Farren
|
0-0: DOUBLE (Line Drive, 78M, EV 105.0 MPH)
|
|
Batting: RHB Trent Hedrick
|
0-0: Called Strike 0-1: Ball 1-1: SINGLE (Flyball, 9S, EV 90.0 MPH) Eric Farren to third
|
|
Batting: SHB Steve DeRienzo
|
0-0: Ball 1-0: Ball 2-0: Ball 3-0: Base on Balls Trent Hedrick to second
|
|
Batting: RHB Johnny Burroughs
|
0-0: Ball 1-0: Foul Ball, location: 2F 1-1: Foul Ball, location: 2F 1-2: SINGLE (Flyball, 4D, EV 93.8 MPH) Eric Farren scores Trent Hedrick to third Steve DeRienzo to second
|
|
Batting: LHB Joel Moore
|
0-0: Called Strike 0-1: Foul Ball, location: 2F 0-2: Fly out, F8 (Flyball, 8LD, EV 88.1 MPH) Runner from 3rd tags up, SCORES, no throw by CF
|
|
Batting: LHB Matt Urbanek
|
0-0: Ball 1-0: Ball 2-0: Called Strike 2-1: Ball 3-1: Swinging Strike 3-2: Foul Ball, location: 2F 3-2: Strikes out swinging
|
|
Batting: RHB Vaclav Been
|
0-0: Swinging Strike 0-1: Foul Ball, location: 2F 0-2: Strikes out looking
|
| Top of the 4th over - 2 runs, 3 hits, 0 errors, 2 left on base; Lakewood 4 - Wisconsin 1 |
| BOTTOM OF THE 4TH |
|
Wisconsin Timber Rattlers batting - Pitching for Lakewood BlueClaws : RHP Jeff van Schaik
|
|
Batting: SHB Ramon Perez
|
0-0: Ball 1-0: Ball 2-0: Ball 3-0: Called Strike 3-1: Fly out, F9 (Flyball, 9, EV 93.1 MPH)
|
|
Batting: RHB Ryan Miller
|
0-0: Ball 1-0: Ball 2-0: Swinging Strike 2-1: Swinging Strike 2-2: Foul Ball, location: 2F 2-2: Foul Ball, location: 2F 2-2: Ball 3-2: Base on Balls
|
|
Batting: LHB Mark Backstrom
|
0-0: Ball 1-0: Ball 2-0: Ball Ryan Miller is caught stealing 2nd base 2-6 3-0: Base on Balls
|
|
Pitching: RHP Alec Guglielmo
|
|
|
Batting: RHB Chris Maul
|
0-0: Fly out, F4 (Line Drive, 34D, EV 66.9 MPH)
|
| Bottom of the 4th over - 0 runs, 0 hits, 0 errors, 1 left on base; Lakewood 4 - Wisconsin 1 |
| TOP OF THE 5TH |
|
Lakewood BlueClaws batting - Pitching for Wisconsin Timber Rattlers : RHP Junzo Yanagisawa
|
|
Batting: RHB Mike Bell
|
0-0: Called Strike 0-1: Called Strike 0-2: Strikes out looking
|
|
Batting: RHB Victor Arias
|
0-0: Ball 1-0: Swinging Strike 1-1: Ball 2-1: SINGLE (Groundball, 56, EV 104.4 MPH) (infield hit)
|
|
Batting: LHB Eric Farren
|
Pickoff Throw to First - Out! 1-3 0-0: Ball 1-0: Ball 2-0: Ground out U3 (Groundball, 34, EV 101.9 MPH)
|
| Top of the 5th over - 0 runs, 1 hit, 0 errors, 0 left on base; Lakewood 4 - Wisconsin 1 |
| BOTTOM OF THE 5TH |
|
Wisconsin Timber Rattlers batting - Pitching for Lakewood BlueClaws : RHP Alec Guglielmo
|
|
Batting: SHB Robert Sayer
|
0-0: Called Strike 0-1: Ball 1-1: Ball 2-1: DOUBLE (Line Drive, 7LM, EV 108.1 MPH)
|
|
Batting: RHB Chris Fruit
|
0-0: Fly out, F7 (Flyball, 78M, EV 84.4 MPH)
|
|
Batting: SHB Aaron Neill
|
0-0: Ball 1-0: Ball 2-0: Swinging Strike 2-1: Foul Ball, location: 2F 2-2: Ground out U3 (Groundball, 23, EV 86.2 MPH) Robert Sayer to third
|
|
Batting: LHB Jason Raker
|
0-0: Ball 1-0: Called Strike 1-1: Called Strike 1-2: Ball 2-2: Strikes out swinging
|
| Bottom of the 5th over - 0 runs, 1 hit, 0 errors, 1 left on base; Lakewood 4 - Wisconsin 1 |
| TOP OF THE 6TH |
|
Lakewood BlueClaws batting - Pitching for Wisconsin Timber Rattlers : RHP Junzo Yanagisawa
|
|
Batting: RHB Trent Hedrick
|
0-0: Swinging Strike 0-1: Fly out, F4 (Popup, 3S, EV 85.0 MPH)
|
|
Pitching: RHP Josh Hebert
|
|
|
Batting: SHB Steve DeRienzo
|
0-0: Fly out, F8 (Flyball, 78M, EV 90.0 MPH)
|
|
Batting: RHB Johnny Burroughs
|
0-0: Ball 1-0: Foul Ball, location: 2F 1-1: Foul Ball, location: 2F 1-2: Ball 2-2: Strikes out swinging
|
| Top of the 6th over - 0 runs, 0 hits, 0 errors, 0 left on base; Lakewood 4 - Wisconsin 1 |
| BOTTOM OF THE 6TH |
|
Wisconsin Timber Rattlers batting - Pitching for Lakewood BlueClaws : RHP Alec Guglielmo
|
|
Batting: SHB Justin Hensley
|
0-0: Foul Ball, location: 2F 0-1: Ball 1-1: Ground out 6-3 (Groundball, 6, EV 85.6 MPH)
|
|
Batting: SHB Ramon Perez
|
0-0: Called Strike 0-1: Called Strike 0-2: Fly out, F9 (Flyball, 9S, EV 91.2 MPH)
|
|
Batting: RHB Ryan Miller
|
0-0: Called Strike 0-1: Fly out, F9 (Flyball, 9S, EV 75.6 MPH)
|
| Bottom of the 6th over - 0 runs, 0 hits, 0 errors, 0 left on base; Lakewood 4 - Wisconsin 1 |
| TOP OF THE 7TH |
|
Lakewood BlueClaws batting - Pitching for Wisconsin Timber Rattlers : RHP Josh Hebert
|
|
Batting: LHB Joel Moore
|
0-0: Ball 1-0: Ball 2-0: DOUBLE (Groundball, 3L, EV 103.1 MPH)
|
|
Batting: LHB Matt Urbanek
|
0-0: Called Strike 0-1: Called Strike 0-2: Fly out, F8 (Line Drive, 8LS, EV 98.8 MPH)
|
|
Batting: RHB Vaclav Been
|
0-0: Ball 1-0: Called Strike 1-1: Ball 2-1: Fly out, F9 (Flyball, 9, EV 94.4 MPH)
|
|
Batting: RHB Mike Bell
|
0-0: Called Strike 0-1: Foul Ball, location: 2F 0-2: Ball 1-2: Foul Ball, location: 2F 1-2: Ball 2-2: Ball 3-2: Ground out 6-3 (Groundball, 6, EV 89.4 MPH)
|
| Top of the 7th over - 0 runs, 1 hit, 0 errors, 1 left on base; Lakewood 4 - Wisconsin 1 |
| BOTTOM OF THE 7TH |
|
Wisconsin Timber Rattlers batting - Pitching for Lakewood BlueClaws : RHP Alec Guglielmo
|
|
Pitching: LHP Mike Aldrich
|
|
|
Batting: LHB Mark Backstrom
|
0-0: Ball 1-0: Foul Ball, location: 2F 1-1: Swinging Strike 1-2: Foul Ball, location: 2F 1-2: Ball 2-2: Ground out 6-3 (Groundball, 6M, EV 90.6 MPH)
|
|
Pitching: RHP Ian Savary
|
|
|
Batting: RHB Chris Maul
|
0-0: Ball 1-0: Foul Ball, location: 2F 1-1: Ball 2-1: Ball 3-1: Fly out, F7 (Flyball, 78M, EV 95.6 MPH)
|
|
Batting: SHB Robert Sayer
|
0-0: Called Strike 0-1: Ball 1-1: Swinging Strike 1-2: Ball 2-2: Foul Ball, location: 2F 2-2: Ball 3-2: Base on Balls
|
|
Batting: RHB Chris Fruit
|
0-0: Ball Robert Sayer is caught stealing 2nd base 2-4
|
| Bottom of the 7th over - 0 runs, 0 hits, 0 errors, 0 left on base; Lakewood 4 - Wisconsin 1 |
| TOP OF THE 8TH |
|
Lakewood BlueClaws batting - Pitching for Wisconsin Timber Rattlers : RHP Josh Hebert
|
|
Batting: RHB Victor Arias
|
0-0: DOUBLE (Line Drive, 8RXD, EV 110.6 MPH) - OUT at third base trying to stretch hit.
|
|
Batting: LHB Eric Farren
|
0-0: Swinging Strike 0-1: Ball 1-1: Foul Ball, location: 2F 1-2: Ball 2-2: Strikes out swinging
|
|
Batting: RHB Trent Hedrick
|
0-0: Called Strike 0-1: Ball 1-1: Ball 2-1: Ground out 4-3 (Groundball, 4, EV 82.5 MPH)
|
| Top of the 8th over - 0 runs, 1 hit, 0 errors, 0 left on base; Lakewood 4 - Wisconsin 1 |
| BOTTOM OF THE 8TH |
|
Wisconsin Timber Rattlers batting - Pitching for Lakewood BlueClaws : RHP Ian Savary
|
|
Pitching: RHP David Oviedo
|
|
|
Batting: RHB Chris Fruit
|
0-0: Ball 1-0: Called Strike 1-1: Swinging Strike 1-2: Strikes out swinging
|
|
Batting: SHB Aaron Neill
|
0-0: Called Strike 0-1: Ground out 4-3 (Groundball, 4, EV 104.4 MPH)
|
|
Batting: LHB Jason Raker
|
0-0: Foul Ball, location: 2F 0-1: Called Strike 0-2: Ball 1-2: Foul Ball, location: 2F 1-2: Ball 2-2: SINGLE (Groundball, 34D, EV 98.1 MPH)
|
|
Batting: SHB Justin Hensley
|
0-0: Ball 1-0: Ball 2-0: Ball 3-0: Base on Balls Jason Raker to second
|
|
Batting: SHB Ramon Perez
|
0-0: Ball 1-0: Called Strike 1-1: Swinging Strike 1-2: Foul Ball, location: 2F 1-2: Ball 2-2: Strikes out swinging
|
| Bottom of the 8th over - 0 runs, 1 hit, 0 errors, 2 left on base; Lakewood 4 - Wisconsin 1 |
| TOP OF THE 9TH |
|
Lakewood BlueClaws batting - Pitching for Wisconsin Timber Rattlers : RHP Josh Hebert
|
|
Pitching: RHP Elijah Seabrooks
|
|
|
Batting: SHB Steve DeRienzo
|
0-0: Called Strike 0-1: Called Strike 0-2: Strikes out swinging
|
|
Batting: RHB Johnny Burroughs
|
0-0: Called Strike 0-1: Ball 1-1: Ball 2-1: Foul Ball, location: 2F 2-2: Foul Ball, location: 2F 2-2: Strikes out swinging
|
|
Batting: LHB Joel Moore
|
0-0: Ball 1-0: Ground out 5-3 (Groundball, 56, EV 82.5 MPH)
|
| Top of the 9th over - 0 runs, 0 hits, 0 errors, 0 left on base; Lakewood 4 - Wisconsin 1 |
| BOTTOM OF THE 9TH |
|
Wisconsin Timber Rattlers batting - Pitching for Lakewood BlueClaws : RHP David Oviedo
|
|
Pitching: RHP Shamar Hansford
|
|
|
Batting: RHB Ryan Miller
|
0-0: Called Strike 0-1: Ball 1-1: Called Strike 1-2: Fly out, F9 (Line Drive, 9, EV 86.2 MPH)
|
|
Batting: LHB Mark Backstrom
|
0-0: Called Strike 0-1: Ball 1-1: Called Strike 1-2: Ball 2-2: Fly out, F7 (Flyball, 7S, EV 91.9 MPH)
|
|
Batting: RHB Chris Maul
|
0-0: Ball 1-0: Ball 2-0: Foul Ball, location: 2F 2-1: Ground out 6-3 (Groundball, 56, EV 99.4 MPH)
|
| Bottom of the 9th over - 0 runs, 0 hits, 0 errors, 0 left on base; Lakewood 4 - Wisconsin 1 |
|